 Dungeon Sprint DCSS version 0.17-a0-1718-g72dbe4d (webtiles) character file.

12900000 ztt the Axe Maniac (level 27, -21/272 (273) HPs)
             Began as a Ghoul Gladiator on Aug 25, 2015.
             Was the Champion of Makhleb.
             Demolished by a bag of meat
             ... wielding a +9 war axe
              (29 damage)
             ... in the Dungeon (Sprint VIII: "Arena of Blood").
             The game lasted 00:03:07 (129 turns).

ztt the Axe Maniac (Ghoul Gladiator)                 Turns: 129, Time: 00:03:07

HP:   -21/272 (273) AC:  8    Str: 32    XL:     27
MP:   45/53         EV: 23    Int:  3    God:    Makhleb [******]
Gold: 0             SH:  0    Dex:  9    Spells: 0 memorised, 80 levels left

rFire  . . .     SeeInvis +     l - +∞ Axe of Woe
rCold  + . .     Clarity  .     b - +0 leather armour
rNeg   + + +     SustAt   .     (no shield)
rPois  ∞         Gourm    .     c - +0 helmet
rElec  .         Spirit   .     (no cloak)
rCorr  .         Warding  .     (no gloves)
rMut   .         NoTele   +     (no boots)
MR     ++...                    (no amulet)
Stlth  +++++++++.               (no ring)
                                m - ring of see invisible

@: very slightly contaminated, rotting, slowed, very slow, very resistant to
hostile enchantments, incredibly stealthy
A: rotting body, claws 1, carnivore 3, cold resistance 1, negative energy
resistance 3, slow healing 1, torment resistance, unbreathing
a: Minor Destruction, Lesser Servant of Makhleb, Major Destruction, Greater
Servant of Makhleb, Renounce Religion


You were in the Dungeon.
You worshipped Makhleb.
Makhleb was exalted by your worship.
You were not hungry.

You visited 1 branch

Inventory:

Hand weapons
 a - a +0 war axe
 l - the +∞ Axe of Woe (weapon)
   (You found it in the Dungeon)
Missiles
 d - 3 throwing nets (quivered)
Armour
 b - a +0 leather armour (worn)
 c - a +0 helmet (worn)
Jewellery
 m - a ring of see invisible (left claw)
Potions
 f - a potion of curing
 g - a potion of heal wounds
 h - a potion of haste
 i - 2 potions of magic
 j - a potion of berserk rage
Comestibles
 e - a meat ration


   Skills:
 O Level 27 Fighting
 O Level 27 Axes
 O Level 27 Throwing
 O Level 27 Armour
 O Level 27 Dodging
 O Level 27 Stealth
 O Level 27 Unarmed Combat
 O Level 27 Spellcasting
 O Level 27 Invocations


You had 80 spell levels left.
You didn't know any spells.

Dungeon Overview and Level Annotations

Branches:
Dungeon (1/1)

Altars:
Makhleb

Annotations:
D The Servant


Innate Abilities, Weirdness & Mutations

Your body is rotting away.
You thrive on raw meat.
You are immune to poison.
You have sharp fingernails.
You are carnivorous and can eat meat at any time.
Your flesh is cold resistant.
You are immune to negative energy.
You heal slowly when monsters are visible.
You are immune to unholy pain and torment.
You can survive without breathing.


Message History

The fleshlord is poisoned.
The fleshlord casts a spell at you.
You feel yourself slow down.
You hear a shout! x2
Unknown command.
Read which item? (? for menu, Esc to quit)
Blink to where?
Press: ? - help, Dir - move target cursor You are very lightly contaminated with residual magic.
As you read the scroll of blinking, it crumbles to dust.
A meat berserker comes into view. It is wielding a +9 battleaxe.
You hear a shout!
The fleshlord appears out of thin air!
A fleshlord comes into view. It is wielding a +9 great mace.
You hear a shout! x4
The accursed points at you and mumbles some strange words.
Something smites you!
* * * LOW HITPOINT WARNING * * *
The bag of meat hits you with a +9 war axe!!
You die...

.........###......
.....###..)....###.
.......#..)))..#
...p.%.#..)O...#..
.X.......).)....... ..o
.#.#.......).)....... .XX.
#.#.......)))..%%...#
#Xoo#.#.#..oM%o.%......##z
XXo#X#.%LW.#@))%.%..#...
LMC..XXX.X%.))..%..#... ..
#@2XX.X.##)#..........
...o##)@)XX))).......%....
#..zp)p####.)%.#....%###
####.§.§.)...)..)).....#.
####.§..%...)))%..%...
####%....)).%.%..%.
################


You could see an accursed, The Servant, 2 fleshlords, 10 large abominations, a
meat berserker (berserk) and 2 bags of meat.

Vanquished Creatures
  Sigmund (D)
  10 hell beasts (D)
  Edmund (D)
  3 greater mummies (D)
  2 great orbs of eyes (D)
  4 wraiths (D)
  8 vampire knights (D)
  30 ogres (D)
  7 liches (D)
  5 hydras (D)
  56 orcs (D)
  7 phantoms (D)
  9 hill giants (D)
  4 skeletal warriors (D)
  A sea snake (D)
  10 large abominations (D)
  6 small abominations (D)
  A crawling corpse (D)
165 creatures vanquished.

Vanquished Creatures (others)
  3 crawling corpses (D)
3 creatures vanquished.

Grand Total: 168 creatures vanquished

Notes
Turn   | Place    | Note
--------------------------------------------------------------
     0 | D        | ztt the Ghoul Gladiator began the quest for the Orb.
     0 | D        | Reached XP level 1. HP: 17/17 MP: 0/0
     4 | D        | Became a worshipper of Makhleb the Destroyer
     6 | D        | Noticed a bag of meat
     7 | D        | Noticed a bag of meat
     7 | D        | Noticed a meat berserker
     8 | D        | Noticed a bag of meat
     8 | D        | Noticed a bag of meat
     8 | D        | Noticed a bag of meat
     8 | D        | Killed a bag of meat
     8 | D        | Reached skill level 11 in Fighting
     8 | D        | Reached skill level 16 in Axes
     8 | D        | Reached XP level 2. HP: 20/40 MP: 1/1
     8 | D        | Reached XP level 3. HP: 23/47 MP: 2/2
     8 | D        | Reached XP level 4. HP: 26/55 MP: 3/3
     8 | D        | Reached XP level 5. HP: 28/60 MP: 4/4
     8 | D        | Reached XP level 6. HP: 31/68 MP: 5/5
     8 | D        | Reached XP level 7. HP: 33/74 MP: 6/6
     8 | D        | Reached XP level 8. HP: 36/82 MP: 7/7
     8 | D        | Reached XP level 9. HP: 39/89 MP: 8/8
     8 | D        | Reached XP level 10. HP: 41/95 MP: 9/9
     8 | D        | Reached XP level 11. HP: 44/102 MP: 10/10
     8 | D        | Reached XP level 12. HP: 47/110 MP: 11/11
     9 | D        | Noticed a bag of meat
     9 | D        | Noticed a bag of meat
     9 | D        | Noticed a bag of meat
     9 | D        | Noticed a bag of meat
     9 | D        | Noticed a bag of meat
    10 | D        | Noticed a bag of meat
    10 | D        | Killed a bag of meat
    10 | D        | Acquired Makhleb's first power
    10 | D        | Reached skill level 19 in Axes
    10 | D        | Reached XP level 13. HP: 49/119 MP: 12/12
    10 | D        | Killed a bag of meat
    10 | D        | Reached skill level 20 in Axes
    10 | D        | Reached XP level 14. HP: 51/130 MP: 13/13
    11 | D        | Noticed a bag of meat
    11 | D        | Killed a meat berserker
    11 | D        | Acquired Makhleb's second power
    11 | D        | Reached skill level 15 in Fighting
    11 | D        | Reached skill level 22 in Axes
    11 | D        | Reached XP level 15. HP: 53/141 MP: 14/14
    12 | D        | Noticed a bag of meat
    12 | D        | Noticed a bag of meat
    12 | D        | Noticed a bag of meat
    13 | D        | Noticed a meat berserker
    13 | D        | Killed a bag of meat
    13 | D        | Reached skill level 23 in Axes
    13 | D        | Killed a bag of meat
    13 | D        | Acquired Makhleb's third power
    13 | D        | Reached skill level 24 in Axes
    13 | D        | Reached XP level 16. HP: 118/155 MP: 15/15
    14 | D        | Noticed a bag of meat
    14 | D        | Noticed a bag of meat
    14 | D        | Noticed a bag of meat
    14 | D        | Killed a bag of meat
    14 | D        | Reached skill level 25 in Axes
    15 | D        | Noticed a bag of meat
    15 | D        | Killed a meat berserker
    15 | D        | Reached skill level 27 in Axes
    15 | D        | Reached XP level 17. HP: 164/168 MP: 16/16
    16 | D        | Noticed a meat berserker
    16 | D        | Noticed a bag of meat
    16 | D        | Noticed a bag of meat
    17 | D        | Noticed a meat berserker
    17 | D        | Killed a bag of meat
    17 | D        | Acquired Makhleb's fourth power
    17 | D        | Reached skill level 27 in Dodging
    17 | D        | Killed a bag of meat
    17 | D        | Reached skill level 5 in Armour
    17 | D        | Killed a bag of meat
    17 | D        | Reached XP level 18. HP: 188/194 MP: 17/17
    17 | D        | Killed a bag of meat
    17 | D        | Acquired Makhleb's fifth power
    18 | D        | Noticed a large bag of meat
    18 | D        | Noticed a bag of meat
    19 | D        | Killed a bag of meat
    19 | D        | Reached skill level 27 in Fighting
    19 | D        | Noticed a bag of meat
    20 | D        | Noticed a meat berserker
    21 | D        | Killed a bag of meat
    21 | D        | Reached skill level 10 in Armour
    21 | D        | Killed a bag of meat
    21 | D        | Reached XP level 19. HP: 207/207 MP: 18/18
    21 | D        | Killed a meat berserker
    21 | D        | Reached skill level 27 in Throwing
    21 | D        | Killed a bag of meat
    22 | D        | Noticed a large bag of meat
    22 | D        | Noticed a large bag of meat
    23 | D        | Noticed a bag of meat
    23 | D        | Killed a bag of meat
    23 | D        | Killed a meat berserker
    23 | D        | Reached skill level 27 in Armour
    23 | D        | Reached XP level 20. HP: 216/216 MP: 19/19
    23 | D        | Killed a bag of meat
    25 | D        | Noticed a bag of meat
    26 | D        | Killed a large bag of meat
    26 | D        | Killed a bag of meat
    26 | D        | Reached skill level 10 in Spellcasting
    27 | D        | Noticed a meat berserker
    27 | D        | Killed a meat berserker
    27 | D        | Reached XP level 21. HP: 224/224 MP: 19/37
    27 | D        | Killed a large bag of meat
    27 | D        | Killed a bag of meat
    27 | D        | Reached skill level 15 in Spellcasting
    27 | D        | Killed a bag of meat
    28 | D        | Killed a bag of meat
    28 | D        | Killed a bag of meat
    28 | D        | Reached XP level 22. HP: 233/233 MP: 19/42
    29 | D        | Noticed a meat berserker
    29 | D        | Killed a large bag of meat
    30 | D        | Noticed a bag of meat
    30 | D        | Noticed a meat berserker
    30 | D        | Noticed a bag of meat
    30 | D        | Noticed a meat berserker
    31 | D        | Noticed an eight-headed meat hydra
    31 | D        | Killed a meat berserker
    31 | D        | Killed a bag of meat
    35 | D        | Noticed a destroyer
    35 | D        | Noticed a sculptor of flesh
    37 | D        | Noticed a bag of meat
    37 | D        | Noticed a bag of meat
    37 | D        | Killed a meat berserker
    37 | D        | Reached skill level 27 in Stealth
    37 | D        | Killed a destroyer
    37 | D        | Reached skill level 27 in Unarmed Combat
    37 | D        | Reached skill level 27 in Invocations
    37 | D        | Reached XP level 23. HP: 240/240 MP: 22/51
    39 | D        | Noticed a bag of meat
    39 | D        | Killed a meat berserker
    39 | D        | Reached skill level 27 in Spellcasting
    39 | D        | Killed a meat berserker
    40 | D        | Noticed a meat berserker
    41 | D        | Killed a sculptor of flesh
    41 | D        | Reached XP level 24. HP: 249/249 MP: 23/53
    42 | D        | Noticed a bag of meat
    42 | D        | Killed a bag of meat
    42 | D        | Killed a bag of meat
    43 | D        | Noticed a destroyer
    43 | D        | Killed a bag of meat
    43 | D        | Killed a nine-headed meat hydra
    44 | D        | Noticed a meat berserker
    44 | D        | Noticed an eight-headed meat hydra
    45 | D        | Noticed a meat berserker
    45 | D        | Killed a bag of meat
    46 | D        | Killed a bag of meat
    47 | D        | Killed a meat berserker
    47 | D        | Reached XP level 25. HP: 257/257 MP: 24/53
    48 | D        | Noticed a meat berserker
    48 | D        | Noticed a tyrant
    48 | D        | Noticed a large bag of meat
    48 | D        | Killed a bag of meat
    48 | D        | Killed a destroyer
    49 | D        | Killed a bag of meat
    50 | D        | Killed a meat berserker
    50 | D        | Reached XP level 26. HP: 265/265 MP: 25/53
    51 | D        | Noticed a bag of meat
    51 | D        | Noticed a destroyer
    51 | D        | Killed a meat berserker
    51 | D        | Killed a bag of meat
    52 | D        | Noticed a meat berserker
    52 | D        | Noticed a destroyer
    53 | D        | Noticed a tyrant
    53 | D        | Noticed a large bag of meat
    54 | D        | Killed an eight-headed meat hydra
    55 | D        | Killed a large bag of meat
    55 | D        | Killed a meat berserker
    55 | D        | Reached XP level 27. HP: 272/272 MP: 26/53
    56 | D        | Killed a destroyer
    57 | D        | Noticed a bag of meat
    57 | D        | Killed a bag of meat
    59 | D        | Noticed a sculptor of flesh
    59 | D        | Killed a large bag of meat
    60 | D        | Noticed a large bag of meat
    60 | D        | Noticed a tyrant
    60 | D        | Killed a meat berserker
    61 | D        | Killed a tyrant
    64 | D        | Noticed a meat beast
    64 | D        | Killed a destroyer
    67 | D        | Killed a meat beast
    68 | D        | Killed a tyrant
    70 | D        | Killed a tyrant
    71 | D        | Killed a bag of meat
    72 | D        | Noticed a dread
    72 | D        | Noticed a meat beast
    72 | D        | Noticed a dread
    73 | D        | Noticed a meat berserker
    73 | D        | Noticed a bag of meat
    73 | D        | Noticed a large bag of meat
    74 | D        | Killed a meat beast
    75 | D        | Killed a large bag of meat
    76 | D        | Noticed The Captor
    76 | D        | Noticed a sculptor of flesh
    76 | D        | Noticed a dread
    77 | D        | Noticed a meat berserker
    77 | D        | Noticed a meat berserker
    77 | D        | Noticed a wretched soul
    78 | D        | Noticed a large bag of meat
    78 | D        | Killed a meat berserker
    79 | D        | Noticed a bag of meat
    79 | D        | Noticed a bag of meat
    79 | D        | Noticed a large bag of meat
    79 | D        | Noticed a meat berserker
    79 | D        | Killed a dread
    80 | D        | Killed a meat berserker
    81 | D        | Noticed a tyrant
    81 | D        | Killed a sculptor of flesh
    81 | D        | Killed a dread
    81 | D        | Killed The Captor
    82 | D        | Killed a dread
    82 | D        | Killed a meat berserker
    83 | D        | Noticed a bag of meat
    83 | D        | Killed a meat berserker
    84 | D        | Noticed a wretched soul
    85 | D        | Noticed a meat beast
    85 | D        | Noticed a sculptor of flesh
    85 | D        | Killed a large bag of meat
    89 | D        | Killed a wretched soul
    90 | D        | Killed a large bag of meat
    91 | D        | Noticed a bag of meat
    91 | D        | Noticed a bag of meat
    91 | D        | Noticed a wretched soul
    91 | D        | Noticed a meat berserker
    91 | D        | Noticed a wretched soul
    92 | D        | Noticed a meat beast
    92 | D        | Noticed a meat beast
    92 | D        | Noticed a bag of meat
    92 | D        | Noticed a wretched soul
    92 | D        | Noticed a bag of meat
    92 | D        | Noticed a meat berserker
    92 | D        | Noticed a bag of meat
    92 | D        | Noticed a bag of meat
    92 | D        | Noticed a meat berserker
    92 | D        | Noticed a meat berserker
    92 | D        | Noticed an accursed
    93 | D        | Noticed a bag of meat
    93 | D        | Noticed a meat berserker
    93 | D        | Noticed a meat berserker
    93 | D        | Noticed a meat berserker
    93 | D        | Noticed a meat beast
    93 | D        | Killed a bag of meat
    94 | D        | Noticed a tyrant
    94 | D        | Killed a tyrant
    94 | D        | Killed a sculptor of flesh
    94 | D        | Killed a meat berserker
    95 | D        | Noticed a meat berserker
    95 | D        | Noticed a meat beast
    95 | D        | Noticed a destroyer
    95 | D        | Killed a meat beast
    95 | D        | Killed a meat berserker
    96 | D        | Noticed a bag of meat
    96 | D        | Noticed a bag of meat
    96 | D        | Noticed a bag of meat
    96 | D        | Noticed The Servant
    96 | D        | Noticed an accursed
    96 | D        | Killed a meat beast
    97 | D        | Noticed a bag of meat
    97 | D        | Noticed a dread
    97 | D        | Killed a meat berserker
    97 | D        | Killed a bag of meat
    97 | D        | Killed a sculptor of flesh
    98 | D        | Noticed a meat berserker
    98 | D        | Noticed a meat berserker
    98 | D        | Killed a bag of meat
    98 | D        | Killed a meat beast
    98 | D        | Killed a bag of meat
    98 | D        | Noticed a bag of meat
    99 | D        | Killed a wretched soul
    99 | D        | Killed a wretched soul
    99 | D        | Killed a meat berserker
   100 | D        | Noticed an observer
   100 | D        | Noticed a wretched soul
   100 | D        | Noticed a meat beast
   100 | D        | Killed a large bag of meat
   100 | D        | Killed a meat berserker
   100 | D        | Noticed The Defiler
   101 | D        | Noticed an accursed
   101 | D        | Noticed a bag of meat
   101 | D        | Noticed a sculptor of flesh
   101 | D        | Noticed a meat beast
   101 | D        | Killed a meat beast
   101 | D        | Killed a meat berserker
   101 | D        | Killed a destroyer
   102 | D        | Noticed a tyrant
   102 | D        | Killed a bag of meat
   102 | D        | Killed a bag of meat
   103 | D        | Noticed a bag of meat
   103 | D        | Noticed a bag of meat
   103 | D        | Noticed a wretched soul
   103 | D        | Killed a bag of meat
   104 | D        | Noticed an observer
   104 | D        | Noticed a tyrant
   104 | D        | Killed a bag of meat
   104 | D        | Killed a wretched soul
   105 | D        | Noticed a meat berserker
   105 | D        | Killed a wretched soul
   106 | D        | Killed an accursed
   106 | D        | Killed a meat berserker
   106 | D        | Killed a meat beast
   107 | D        | Noticed a bag of meat
   107 | D        | Noticed a destroyer
   107 | D        | Killed a bag of meat
   107 | D        | Killed a meat berserker
   108 | D        | Noticed a tyrant
   108 | D        | Killed a bag of meat
   108 | D        | Killed a meat berserker
   109 | D        | Noticed a bag of meat
   109 | D        | Noticed an accursed
   109 | D        | Killed a meat beast
   109 | D        | Killed a meat berserker
   109 | D        | Killed The Defiler
   110 | D        | Noticed a bag of meat
   110 | D        | Noticed a bag of meat
   110 | D        | Killed a meat beast
   110 | D        | Killed a bag of meat
   110 | D        | Killed a wretched soul
   110 | D        | Noticed a bag of meat
   110 | D        | Noticed a large bag of meat
   111 | D        | Killed a wretched soul
   112 | D        | Noticed a meat berserker
   112 | D        | Killed a dread
   112 | D        | Killed a bag of meat
   113 | D        | Killed a meat berserker
   113 | D        | Killed a tyrant
   113 | D        | Killed a bag of meat
   114 | D        | Noticed a destroyer
   114 | D        | Killed a bag of meat
   114 | D        | Noticed a bag of meat
   115 | D        | Noticed an eight-headed meat hydra
   115 | D        | Killed a bag of meat
   115 | D        | Killed an observer
   116 | D        | Noticed a meat beast
   116 | D        | Killed an accursed
   116 | D        | Killed a bag of meat
   116 | D        | Killed a destroyer
   117 | D        | Noticed a tyrant
   117 | D        | Noticed an accursed
   117 | D        | Killed an observer
   117 | D        | Killed a destroyer
   117 | D        | Killed a bag of meat
   117 | D        | Killed a bag of meat
   118 | D        | Killed a bag of meat
   118 | D        | Killed a bag of meat
   119 | D        | Noticed a bag of meat
   119 | D        | Noticed a bag of meat
   119 | D        | Noticed a bag of meat
   119 | D        | Killed a bag of meat
   119 | D        | Killed a tyrant
   120 | D        | Killed a meat berserker
   120 | D        | Killed a bag of meat
   121 | D        | Noticed a bag of meat
   121 | D        | Noticed a destroyer
   121 | D        | Killed an accursed
   122 | D        | Noticed a fleshlord
   122 | D        | Noticed a dread
   122 | D        | Killed a meat beast
   124 | D        | Killed a tyrant
   124 | D        | Killed a bag of meat
   125 | D        | Noticed a bag of meat
   125 | D        | Killed a nine-headed meat hydra
   125 | D        | Noticed a bag of meat
   127 | D        | Killed a bag of meat
   127 | D        | Killed a destroyer
   129 | D        | Noticed a meat berserker
   129 | D        | HP: 8/272 [accursed/divine providence (14)]
   129 | D        | Demolished by a bag of meat

Vault maps used:
D:        meatsprint

Action                   |  1- 3 |  4- 6 |  7- 9 | 10-12 | 13-15 | 16-18 | 19-21 | 22-24 | 25-27 || total
-------------------------+-------+-------+-------+-------+-------+-------+-------+-------+-------++-------
Melee: Executioner's axe |     1 |       |       |     1 |     2 |     5 |     4 |    10 |    68 ||    91
  Use: Scroll            |       |       |       |       |       |       |       |       |     1 ||     1
